 Dungeon Crawl Stone Soup version 0.20.0-15-g7f486f2 (webtiles) character file.

150 barteuk the Chopper (level 5, -6/46 HPs)
             Began as a Draconian Berserker on June 14, 2017.
             Was a Believer of Trog.
             Mangled by a worm (9 damage)
             ... on level 3 of the Dungeon.
             The game lasted 00:14:02 (1538 turns).

barteuk the Chopper (Draconian Berserker)           Turns: 1538, Time: 00:14:03

Health: -6/46      AC:  5    Str: 21    XL:     5   Next: 10%
Magic:  5/5        EV: 13    Int:  7    God:    Trog [**....]
Gold:   68         SH:  0    Dex: 10    Spells: 4/4 levels left

rFire    . . .     SeeInvis .   G - +2 mace (crush)
rCold    . . .     Gourm    .   (no shield)
rNeg     . . .     Faith    .   (armour unavailable)
rPois    .         Spirit   .   (helmet restricted)
rElec    .         Reflect  .   (no cloak)
rCorr    .         Harm     .   (no gloves)
MR       .....                  (no boots)
Stlth    +.........             (no amulet)
Regen    0.2/turn               (no ring)
MPRegen  0.1/turn               (no ring)

@: starving
A: unfitting armour, cold-blooded, AC +5
a: Berserk, Trog's Hand, Burn Spellbooks, Renounce Religion


You were on level 3 of the Dungeon.
You worshipped Trog.
Trog was pleased with you.
You were starving.

You visited 1 branch of the dungeon, and saw 3 of its levels.

You collected 68 gold pieces.

Inventory:

Hand Weapons
 a - a +0 hand axe
 c - a +0 dagger
 d - a +0 dagger
 j - a +0 club
 k - a +0 club
 m - a +0 hunting sling
 n - a +0 whip
 p - a +0 club
 v - a cursed -1 dagger
 x - a +0 short sword
 A - a +0 spear
 C - a +0 club
 E - a +0 flail
 G - a +2 mace of crushing (weapon)
Armour
 f - a +0 ring mail
 q - a +0 buckler
 s - a +0 robe
 t - a +0 pair of boots
 u - a +0 scale mail
 B - a +0 helmet
Jewellery
 o - a cursed ring of loudness {unknown}
 z - a +4 ring of intelligence {unknown}
Scrolls
 e - a scroll of enchant weapon
 g - 2 scrolls of teleportation {unknown}
 h - a scroll of blinking {unknown}
 r - a scroll of enchant armour {unknown}
 y - a scroll of noise {unknown}
 D - a scroll of identify {unknown}
 F - a scroll of immolation {unknown}
 I - a scroll of remove curse {unknown}
Potions
 i - a potion of brilliance {unknown}
 l - a potion of lignification {unknown}
 w - a potion of flight {unknown}
Comestibles
 b - a bread ration
 H - a royal jelly


   Skills:
 + Level 4.0 Fighting
 + Level 4.5 Axes
 + Level 3.6 Dodging
 + Level 0.4 Stealth


You had 4 spell levels left.
You didn't know any spells.

Dungeon Overview and Level Annotations

Branches:
Dungeon (3/15)

Altars:
Xom


Innate Abilities, Weirdness & Mutations

Your plain brown scales are hard. (AC +5)
You cannot fit into any form of body armour.
You are cold-blooded and may be slowed by cold attacks.


Message History

The goblin is heavily wounded.
The goblin shoots a stone.
The stone hits you but does no damage. The giant cockroach barely misses you.
The goblin misses you. The worm bites you but does no damage.
The giant cockroach misses you.
You closely miss the goblin.
The goblin is heavily wounded.
The goblin shoots a stone.
The stone barely misses you. The goblin hits you but does no damage.
The giant cockroach bites you.
* * * LOW HITPOINT WARNING * * *
The worm bites you.
* * * LOW HITPOINT WARNING * * *
The goblin hits you but does no damage.
The goblin shoots a stone.
The stone hits you but does no damage.
You barely miss the goblin.
The goblin is heavily wounded.
The giant cockroach bites you.
* * * LOW HITPOINT WARNING * * *
The goblin barely misses you.
The goblin shoots a stone.
The stone closely misses you. The worm bites you!
You die...

.# #.#.##.#.) ..)
####.#.##...< ...
............† .##.# ###
#....<....) .....##..
#......##.#
......(.######..>..###.#
.....g..................
.......g$............#..
......w@...##.....##....
.......s..........####..
............>...#.# ##.
...####.........#.# . ##
.$.........#..
###.....(...##.#
####..##... >.
#..######.## .#


You could see a worm, a giant cockroach and 2 goblins.

Vanquished Creatures
  The ghost of Torious the Conjurer, a weakling DECj (D:3)
  Terence (D:2)
  2 adders
  An ooze (D:2)
  A worm (D:2)
  A leopard gecko (D:1)
  An orc (D:3)
  2 giant cockroaches
  4 hobgoblins (D:2)
  6 jackals
  6 kobolds
  3 quokkas (D:2)
  8 bats
  2 frilled lizards (D:1)
  14 goblins
  8 rats
61 creatures vanquished.

Notes
Turn   | Place    | Note
-------+----------+-------------------------------------------
     0 | D:1      | barteuk the Draconian Berserker began the quest for the Orb.
     0 | D:1      | Reached XP level 1. HP: 19/19 MP: 1/1
   273 | D:1      | Reached XP level 2. HP: 22/26 MP: 2/2
   416 | D:1      | Reached XP level 3. HP: 29/33 MP: 3/3
   818 | D:2      | Reached ** piety under Trog
  1080 | D:2      | Found a shimmering altar of Xom.
  1136 | D:2      | Reached XP level 4. HP: 19/40 MP: 4/4
  1304 | D:2      | Noticed Terence
  1318 | D:2      | Killed Terence
  1449 | D:3      | Noticed Torious's ghost (weakling DECj)
  1463 | D:3      | Killed Torious's ghost
  1474 | D:3      | Reached XP level 5. HP: 12/46 MP: 5/5
  1538 | D:3      | Mangled by a worm

Skill      XL: |  1  2  3  4 |
---------------+-------------+-----
Dodging        | 3 |  3.6
Axes           | 4 |  4.5
Fighting       | 4 |  4.0
Stealth        | |  0.4

Action                   |  1- 3 |  4- 6 || total
-------------------------+-------+-------++-------
Melee: Hand axe          |   117 |       ||   117
       Tailslap          |    14 |     7 ||    21
       Spear             |     6 |    30 ||    36
       Mace              |       |    31 ||    31
  Use: Scroll            |     1 |       ||     1
Armor: Skin              |    59 |    28 ||    87
Dodge: Dodged            |   107 |    66 ||   173
